[Event "*** SCC Grand Prix: Titled Tuesday Blitz"]
[Site "Chess.com"]
[Date "2020.07.21"]
[Round "3"]
[White "AnthonyWirig"]
[Black "ajian"]
[Result "1-0"]
[WhiteElo "2705"]
[BlackElo "2419"]
[TimeControl "180+1"]
[EndTime "10:28:23 PDT"]
[Termination "AnthonyWirig won by resignation"]

1. d4 Nf6 2. Nf3 e6 3. g3 d5 4. Bg2 b5 5. O-O Bb7 6. Qd3 a6 7. Nbd2 Nbd7 8. a4 c5 9. c3 Qb6 10. h3 Be7 11. Kh2 O-O 12. Ne5 Rfd8 13. f4 c4 14. Qc2 b4 15. g4 Ne8 16. e4 f6 17.
Nxd7 Rxd7 18. e5 fxe5 19. fxe5 g6 20. Nf3 Ng7 21. Bh6 Qc7 22. Rf2 Rf8 23. Raf1 Qb8 24.
Ng5 Bxg5 25. Rxf8+ Qxf8 26. Rxf8+ Kxf8 27. Bxg5 b3 28.
Qf2+ Rf7 29. Bf6 Ne8 30. g5 Bc6 31. h4 Bxa4 32. Bh3 Bd7 33. Qe1 a5 34. Qa1 a4 35.
Qa3+ Kg8 36. Bg4 Nc7 37. Qb4 Ne8 38. Kg3 Nc7 39. Qb8+ Ne8 40. Qa8 Kf8 41. h5 Kg8 42. hxg6 hxg6 43. Qa6 Nc7 44. Qb6 Bc8 45. Qb8 Rf8 46. Be7 Rf7 47. Qxc8+ Kg7 48. Qxc7 Rf6 49. Bxf6+ 1-0

[Event "*** SCC Grand Prix: Titled Tuesday Blitz"]
[Site "Chess.com"]
[Date "2020.07.21"]
[Round "3"]
[White "Batsai"]
[Black "Fh2411"]
[Result "0-1"]
[WhiteElo "2362"]
[BlackElo "2586"]
[TimeControl "180+1"]
[EndTime "10:28:26 PDT"]
[Termination "Fh2411 won by resignation"]

1. d4 d5 2. c4 c6 3. Nc3 Nf6 4. Nf3 dxc4 5. a4 Bf5 6. e3 e6 7.
Bxc4 Bb4 8. O-O Nbd7 9. Qe2 Bg6 10. Rd1 O-O 11. Bb3 a5 12. Nh4 Bh5 13. Nf3 Qe7 14.
e4 e5 15. Bg5 exd4 16. Rxd4 Ne5 17. Rad1 Bc5 18. R4d2 Nxf3+ 19. gxf3 Qe5 20. Bh4 Qf4 21. Bg3 Qxf3 22. Qxf3 Bxf3 23. Re1 Rfe8 24. e5 Nh5 25. Rd7 Re7 26. e6 fxe6 27. Rxe6 Rxe6 28. Bxe6+ Kh8 29. Rxb7 Nxg3 30. hxg3 Re8 31. Bc4 h5 32. Rf7 Re1+ 33.
Bf1 Bg4 34. Kg2 Rc1 35. Be2 Bxe2 36. Nxe2 Rc2 37. Nf4 Rxf2+ 38. Kh3 Kg8 39. Rf5 Bd6 40. Rxh5 Bxf4 41. gxf4 Rxf4 42. Rxa5 Rb4 43. Ra8+ Kh7 44. Ra6 Rxb2 45. Rxc6 Rb3+ 46. Kg2 Ra3 47. Rc4 Kh6 48.
Kf2 g5 49. Ke2 Kh5 50. Kf2 g4 51. Kg2 Kh4 52. Rc2 Rxa4 53. Kg1 Ra3 54. Rc1 Kh3 55. Ra1 Rxa1+ 0-1

[Event "*** SCC Grand Prix: Titled Tuesday Blitz"]
[Site "Chess.com"]
[Date "2020.07.21"]
[Round "3"]
[White "yuliagok"]
[Black "TotsukaBlade"]
[Result "0-1"]
[WhiteElo "2091"]
[BlackElo "2369"]
[TimeControl "180+1"]
[EndTime "10:28:28 PDT"]
[Termination "TotsukaBlade won by resignation"]

1. d4 d5 2. c4 dxc4 3. Nf3 Nf6 4.
e3 Bg4 5. Bxc4 e6 6. h3 Bh5 7.
Nc3 Nc6 8. Be2 Bd6 9. O-O O-O 10. Nb5 Qe7 11. Nxd6 Qxd6 12. b3 Rfd8 13. Bb2 Bg6 14.
Rc1 a6 15. a3 Qe7 16. Nh4 e5 17. Nxg6 hxg6 18. Bf3 exd4 19. exd4 Nd5 20. Re1 Qf6 21.
Bxd5 Rxd5 22. Qc2 Rad8 23. Red1 R8d7 24. Qe2 Nxd4 25. Bxd4 Rxd4 26. Rxd4 Qxd4 27. Qe8+ Kh7 28. Rc4 Qd1+ 29. Kh2 Qd6+ 30. g3 g5 31. h4 Re7 32.
Qc8 Re2 33. Qf5+ Qg6 34. Qxg6+ Kxg6 35. Rxc7 gxh4 36. Rxb7 Rxf2+ 37. Kh3 hxg3 38. Kxg3 Rf6 39. b4 Rc6 40. a4 f6 41. a5 Rc4 42. Rb6 Kg5 43. Rb7 g6 44. b5 axb5 45. Rxb5+ f5 46. a6 Ra4 47. Rb6 Kh5 48. Rc6 g5 49. Rc5 f4+ 50. Kf3 Rxa6 51. Rc8 Ra3+ 52. Kg2 Kg4 53. Kf2 Ra2+ 54. Kf1 Kg3 55. Rg8 g4 56. Rb8 f3 57.
Rb1 Rh2 58. Kg1 f2+ 59. Kf1 Rh1+ 0-1

[Event "*** SCC Grand Prix: Titled Tuesday Blitz"]
[Site "Chess.com"]
[Date "2020.07.21"]
[Round "3"]
[White "doons21"]
[Black "if_name_main_a"]
[Result "1-0"]
[WhiteElo "2645"]
[BlackElo "2404"]
[TimeControl "180+1"]
[EndTime "10:28:30 PDT"]
[Termination "doons21 won by checkmate"]

1. c4 c5 2. g3 Nc6 3. Bg2 g6 4. Nc3 Bg7 5. e4 e6 6. Nge2 Nge7 7. O-O O-O 8. d3 d6 9. Rb1 a6 10.
a3 Rb8 11. Be3 b5 12. cxb5 axb5 13. d4 c4 14. b4 d5 15. e5 Ra8 16. Nxb5 Qb6 17.
a4 f6 18. exf6 Bxf6 19. Nec3 Nf5 20. Ne2 Bd7 21. g4 Nxe3 22. fxe3 Be7 23. Qd2 Rxa4 24. Nbc3 Rxb4 25. Rxf8+ Bxf8 26. Rf1 Rb2 27. Qe1 Qd8 28. Qf2 Qe7 29. Bxd5 Rxe2 30. Qxe2 exd5 31.
Nxd5 Qe6 32. Nf6+ Kg7 33. d5 Nd4 34. Qf2 Qd6 35. exd4 Bc8 36. Nh5+ gxh5 37. Qf7+ Kh6 38. Rf6+ Kg5 39. Rxd6 Bxd6 40. Qg8+ Kf4 41. Qxc8 hxg4 42. Qxc4 Ke4 43. Kg2 h5 44. h3 gxh3+ 45. Kxh3 Ke3 46. Kh4 Ke4 47. Kxh5 Ke3 48. Kg6 Ke4 49. Kf6 Ke3 50. Ke6 Ke4 51. Kxd6 Kf3 52. Ke5 Kg2 53. d6 Kh1 54. d7 Kg1 55. Qe2 Kh1 56. d8=Q Kg1 57.
Qg5+ Kh1 58. Qgg2# 1-0

[Event "*** SCC Grand Prix: Titled Tuesday Blitz"]
[Site "Chess.com"]
[Date "2020.07.21"]
[Round "3"]
[White "TheCount"]
[Black "ErikRonka"]
[Result "0-1"]
[WhiteElo "2661"]
[BlackElo "2377"]
[TimeControl "180+1"]
[EndTime "10:28:31 PDT"]
[Termination "ErikRonka won on time"]

1. d4 d5 2. c4 c6 3. cxd5 cxd5 4.
Bf4 Nc6 5. e3 Bf5 6. Nc3 Nf6 7.
Qb3 Na5 8. Qa4+ Bd7 9. Qc2 e6 10.
Nf3 Nh5 11. Be5 f6 12. Bg3 Rc8 13. Bd3 Nxg3 14. hxg3 f5 15. g4 g6 16. Ne5 Bg7 17. Qe2 Bxe5 18. dxe5 Nc4 19. gxf5 exf5 20. Bxc4 Rxc4 21.
Rd1 Be6 22. Rd4 Qa5 23. Rhh4 O-O 24. Qd2 Qc7 25. Rxc4 dxc4 26. Qd4 Rd8 27. Qxa7 Qxe5 28. Qxb7 Rb8 29. Qxh7+ Kf8 30. Qh8+ Qxh8 31. Rxh8+ Bg8 32. Nd1 Kg7 33. Rh4 c3 34. bxc3 Bxa2 35. Ra4 Bb3 36. Rb4 Rxb4 37. cxb4 Kf6 38. Kd2 Ke5 39. Nb2 Bd5 40.
g3 Ke4 41. Kc3 Kf3 42. Nd3 g5 43. b5 Ke4 44. b6 Kf3 45. Kd4 Be4 46. Ke5 Ba8 47. Kd6 Ke2 0-1

[Event "*** SCC Grand Prix: Titled Tuesday Blitz"]
[Site "Chess.com"]
[Date "2020.07.21"]
[Round "3"]
[White "M1711"]
[Black "Shushik"]
[Result "1-0"]
[WhiteElo "2417"]
[BlackElo "2196"]
[TimeControl "180+1"]
[EndTime "10:28:33 PDT"]
[Termination "M1711 won by checkmate"]

1. e4 e5 2. Nf3 Nc6 3. Bc4 Bc5 4.
O-O Nf6 5. d3 d6 6. c3 Bb6 7. a4 a6 8. b4 Ne7 9. a5 Ba7 10. Bg5 h6 11. Bxf6 gxf6 12. Nh4 h5 13. Qf3 Ng6 14. Nf5 Bxf5 15. exf5 Ne7 16. Qxb7 h4 17.
Nd2 Rg8 18. Ne4 Nxf5 19. Nxf6+ Ke7 20. Nxg8+ Qxg8 21. Qxc7+ Kf6 22. Bxf7 Qxf7 23. Qc6 Rg8 24. Rae1 Qg7 25. d4 exd4 26. Qe4 Qf7 27. cxd4 Bxd4 28. Rd1 Be5 29. f4 Bc3 30. Rf3 Bb2 31. Rfd3 h3 32. g3 Ba3 33. Kh1 Bxb4 34. Qxb4 Qe6 35. Qc3+ Kg6 36.
Kg1 Qe4 37. Rxd6+ Nxd6 38. Rxd6+ Kh5 39. Qe5+ Kg4 40. Qxe4 Rc8 41. Rg6+ Kh5 42. Qf5# 1-0

[Event "*** SCC Grand Prix: Titled Tuesday Blitz"]
[Site "Chess.com"]
[Date "2020.07.21"]
[Round "3"]
[White "DishonorOnYourCow"]
[Black "Larina_Marija"]
[Result "0-1"]
[WhiteElo "2315"]
[BlackElo "2119"]
[TimeControl "180+1"]
[EndTime "10:28:33 PDT"]
[Termination "Larina_Marija won by resignation"]

1. d4 f5 2. c4 Nf6 3. g3 g6 4. Bg2 Bg7 5. Nh3 d6 6. O-O O-O 7. d5 Na6 8. Nf4 Nc5 9. Nc3 g5 10. Nd3 Nxd3 11. Qxd3 Qe8 12. e4 Qg6 13. exf5 Bxf5 14.
Qd2 g4 15. Qg5 Qxg5 16. Bxg5 h6 17. Be3 Bd3 18. Rfe1 Bxc4 19. Bd4 Rae8 20. b3 Bd3 21. Rad1 Bf5 22. Nb5 Rf7 23. Nxc7 Rc8 24. Rc1 e5 25. dxe6 Rfxc7 26. Rxc7 Rxc7 27. e7 Ne8 28. Bd5+ Kh7 29. Bf7 Bxd4 30. Bxe8 Bf6 31. Bd7 Bxd7 32. e8=Q Bxe8 33.
Rxe8 Rc1+ 34. Kg2 Rc2 35. Re6 Bd4 36. Rxd6 Rxf2+ 37. Kg1 Rd2+ 38. Kf1 Be3 39. Re6 Bc5 40. Re5 Bd6 41. Re6 Bc5 42. Re5 b6 43. Rf5 Rxa2 44.
Rf4 h5 45. Rf5 Kg6 46. Rd5 Rxh2 47. Rd7 a5 48. Rb7 Rb2 49. Ra7 Rxb3 50. Ke2 Rxg3 0-1

[Event "*** SCC Grand Prix: Titled Tuesday Blitz"]
[Site "Chess.com"]
[Date "2020.07.21"]
[Round "3"]
[White "jb2mix"]
[Black "Sanan_Sjugirov"]
[Result "0-1"]
[WhiteElo "2673"]
[BlackElo "2994"]
[TimeControl "180+1"]
[EndTime "10:28:34 PDT"]
[Termination "Sanan_Sjugirov won by resignation"]

1. e4 c5 2. c3 Nf6 3. e5 Nd5 4. d4 cxd4 5. Nf3 d6 6. cxd4 dxe5 7. Nxe5 Nc6 8. Bb5 Qa5+ 9. Nc3 Nxc3 10. Bxc6+ bxc6 11. Qd2 f6 12. Nf3 e6 13. bxc3 Ba6 14.
Qe3 Kf7 15. Nd2 Bd6 16. f3 Qh5 17. Ne4 Be7 18. Kf2 Rab8 19. Ng3 Qd5 20. Re1 c5 21.
Qe4 cxd4 22. Qxd5 exd5 23. Nf5 Bf8 24. cxd4 g6 25. Ne3 Bb4 26. Rd1 Bc3 27. Ba3 Bxa1 28.
Rxa1 Bc4 29. Nxc4 dxc4 30. Rc1 Rhc8 31. Rc2 Ke6 32. Re2+ Kd5 33. Re7 c3 34. Re2 c2 35.
Re1 Rb1 36. Bc1 Rcb8 37. a4 Ra1 38. Ke2 Re8+ 0-1

[Event "*** SCC Grand Prix: Titled Tuesday Blitz"]
[Site "Chess.com"]
[Date "2020.07.21"]
[Round "3"]
[White "GustavoJuarezF"]
[Black "JoliyRoger"]
[Result "0-1"]
[WhiteElo "2007"]
[BlackElo "2298"]
[TimeControl "180+1"]
[EndTime "10:28:34 PDT"]
[Termination "JoliyRoger won on time"]

1. e4 c6 2. d4 d5 3. e5 Bf5 4. Nf3 e6 5. Be2 Nd7 6. O-O Be7 7. c3 Bg6 8. Nbd2 Nh6 9. Nb3 O-O 10. Bxh6 gxh6 11. Qd2 Kg7 12. h3 f6 13. exf6+ Bxf6 14. Bd3 a5 15. a4 Qb6 16. Bc2 Rae8 17. Rfe1 e5 18. dxe5 Nxe5 19. Nxe5 Bxe5 20. Bxg6 hxg6 21. Nd4 Bxd4 22. cxd4 Qb4 23. Qxb4 axb4 24. b3 Kf6 25. f3 h5 26. Kf2 h4 27. Rad1 Kf5 28. g3 hxg3+ 29.
Kxg3 g5 30. Rc1 Rh8 31. Rcd1 Rhg8 32. Rxe8 Rxe8 33. Kf2 Kf4 34. Rg1 Rh8 35. Rg4+ Kf5 36.
Kg3 Re8 37. Kf2 b6 38. h4 gxh4 39. Rxh4 Re6 40. Rh8 c5 41. Rf8+ Kg6 42. Rd8 c4 43. Rxd5 c3 44. Rd8 Kf5 45. Rc8 Rd6 46. Ke3 Re6+ 47.
Kd3 Re1 0-1

[Event "*** SCC Grand Prix: Titled Tuesday Blitz"]
[Site "Chess.com"]
[Date "2020.07.21"]
[Round "3"]
[White "rynos0411"]
[Black "DonPreuss"]
[Result "1-0"]
[WhiteElo "2392"]
[BlackElo "2162"]
[TimeControl "180+1"]
[EndTime "10:28:35 PDT"]
[Termination "rynos0411 won by resignation"]

1. e4 e5 2. Nf3 d5 3. d4 dxe4 4. Nxe5 Bd6 5. Nc4 Ne7 6. Nc3 f5 7. Bg5 Be6 8. Qd2 O-O 9. O-O-O Bf7 10. h4 a6 11. h5 b5 12. Nxd6 Qxd6 13. h6 g6 14. Kb1 Nd7 15. Bf4 Qb6 16. Be2 Nd5 17. Nxd5 Bxd5 18. g4 b4 19. gxf5 Rxf5 20. Bg4 Rf7 21.
Rhg1 Qa5 22. b3 Nb6 23. Be2 Raf8 24. Be3 Na4 25. c4 bxc3 26. Qc2 Rb8 27. Rg5 c6 28. Rdg1 Rfb7 29. Kc1 Qb4 30. f3 Qa3+ 31. Kd1 Nb2+ 32. Ke1 Nd3+ 33. Bxd3 exd3 34. Qxd3 Bf7 35. f4 Re8 36.
Kf2 Rbe7 37. f5 Qd6 38. fxg6 Rxe3 39. gxf7+ Kxf7 40. Qxh7+ Ke6 41. Rg6+ Kd5 42. Rxd6+ Kxd6 43. Qg6+ Kc7 44. Qg5 Re2+ 45. Kf3 R2e6 46. Qf4+ Kb6 47. Rg7 R6e7 48. Rxe7 Rxe7 49. Qf5 c2 50. Qc5+ Kb7 51. Qxe7+ Kb6 52. Qc5+ 1-0

[Event "*** SCC Grand Prix: Titled Tuesday Blitz"]
[Site "Chess.com"]
[Date "2020.07.21"]
[Round "3"]
[White "GGfrances"]
[Black "Msb2"]
[Result "1-0"]
[WhiteElo "2463"]
[BlackElo "2831"]
[TimeControl "180+1"]
[EndTime "10:28:36 PDT"]
[Termination "GGfrances won by checkmate"]

1. e4 e6 2. d4 d5 3. Nc3 Nf6 4. Bg5 dxe4 5. Nxe4 Be7 6. Bxf6 Bxf6 7. Nxf6+ Qxf6 8. Nf3 O-O 9. Bd3 c5 10. c3 cxd4 11.
Nxd4 e5 12. Ne2 Nc6 13. O-O Bf5 14. Bxf5 Qxf5 15. Ng3 Qe6 16. Qb3 Qxb3 17. axb3 Rad8 18. b4 a6 19. Ne4 f5 20. Nc5 Rf7 21. f3 Re7 22.
Rad1 Rc8 23. Rfe1 Kf7 24. Rd6 Rd8 25. Nxb7 Rxd6 26. Nxd6+ Ke6 27. Nc8 Rd7 28. Nb6 Rd8 29. Nc4 f4 30. Kf2 Kd5 31. Nxe5 Rc8 32. Nxc6 Rxc6 33.
Re4 g5 34. h4 h6 35. hxg5 hxg5 36. Rd4+ Ke5 37. Re4+ Kd5 38. Rd4+ Ke5 39. Re4+ Kf5 40.
c4 g4 41. c5 g3+ 42. Ke2 Rh6 43. Rc4 Rh2 44. c6 Rxg2+ 45. Kf1 Rf2+ 46. Kg1 Rxf3 47. c7 Rd3 48. c8=Q+ Kg5 49. Qg8+ Kh4 50. Qh7+ Kg4 51. Qg6+ Kf3 52. Qxd3+ Kg4 53. Qe4 Kh3 54. Qxf4 g2 55. Qg4# 1-0

[Event "*** SCC Grand Prix: Titled Tuesday Blitz"]
[Site "Chess.com"]
[Date "2020.07.21"]
[Round "3"]
[White "bsnsun"]
[Black "Roman_Ovetchkin"]
[Result "0-1"]
[WhiteElo "2381"]
[BlackElo "2602"]
[TimeControl "180+1"]
[EndTime "10:28:36 PDT"]
[Termination "Roman_Ovetchkin won by resignation"]

1. d4 Nf6 2. c4 g6 3. Nc3 Bg7 4. g3 O-O 5. Bg2 d6 6. Nf3 Nbd7 7. O-O e5 8. e4 exd4 9. Nxd4 Re8 10. h3 Nc5 11. Re1 a5 12. Qc2 a4 13. Be3 c6 14. Rad1 Qa5 15. Bf4 Bf8 16. Bd2 Qa6 17. Bf1 Qb6 18. Kh2 h5 19. Bg2 Ncd7 20. Be3 Qb4 21. b3 axb3 22. axb3 Nc5 23. Bd2 Qb6 24. Bg5 Nfd7 25. Bd2 Bg7 26. Nce2 Ne5 27. b4 Ne6 28. Nb3 Qc7 29. Be3 h4 30. g4 d5 31. Bf4 Nxf4 32. Kg1 Nxe2+ 33. Rxe2 dxc4 34. Nc5 b5 35.
f4 Nd7 36. e5 Nxc5 37. bxc5 Qa7 38. Red2 Qxc5+ 39. Kh2 Be6 40. Rd4 Ra3 41. Kh1 g5 42. f5 Bd5 43. f6 Bh6 44. Bxd5 cxd5 45. Qd2 Rxh3+ 46. Kg2 Rd3 47. Kh2 Rxd2+ 48. R1xd2 Rxe5 0-1

[Event "*** SCC Grand Prix: Titled Tuesday Blitz"]
[Site "Chess.com"]
[Date "2020.07.21"]
[Round "3"]
[White "ellatambien"]
[Black "VladaSviridova"]
[Result "0-1"]
[WhiteElo "2297"]
[BlackElo "2135"]
[TimeControl "180+1"]
[EndTime "10:28:36 PDT"]
[Termination "VladaSviridova won on time"]

1. e4 e6 2. d4 d5 3. Nd2 c5 4. Ngf3 cxd4 5. Nxd4 Nc6 6. Nxc6 bxc6 7. Bd3 Bd6 8. O-O Ne7 9. Qe2 Ng6 10. Nf3 O-O 11. e5 Be7 12. c4 a5 13. Bd2 Ba6 14. Rfc1 a4 15. g3 Qb6 16. Rc2 a3 17. b3 Rfd8 18.
Rac1 c5 19. h4 d4 20. h5 Nf8 21. h6 Ng6 22. Nh2 Bb7 23. f3 Qc7 24. Ng4 Bf8 25. Kg2 Bc6 26. Rh1 Qb7 27. Rcc1 Qe7 28. Rh5 f5 29. exf6 gxf6 30. Rxc5 Bb7 31. Rb5 Ba6 32. Bb4 Qf7 33. Rb6 Bxb4 34. Rxb4 Bb7 35. Rb6 Ra6 36. Nxf6+ Qxf6 37. Rxb7 e5 38. Rg7+ Kh8 39. Re1 Rf8 40. Be4 Re6 41. Qd3 Re7 42. Rh1 Rxg7 43. hxg7+ Kxg7 44. Bxg6 Qxg6 45. Qxg6+ Kxg6 46. Re1 Kf5 47. g4+ Kf6 48.
Rh1 Rf7 49. Rh6+ Kg5 50. Rh5+ Kf4 0-1

[Event "*** SCC Grand Prix: Titled Tuesday Blitz"]
[Site "Chess.com"]
[Date "2020.07.21"]
[Round "3"]
[White "LuisFSiles"]
[Black "AJSC02"]
[Result "1-0"]
[WhiteElo "2328"]
[BlackElo "2083"]
[TimeControl "180+1"]
[EndTime "10:28:36 PDT"]
[Termination "LuisFSiles won on time"]

1. e4 c5 2. c3 d5 3. exd5 Qxd5 4. d4 e5 5. dxe5 Qxd1+ 6. Kxd1 Nc6 7. Nf3 Bg4 8. Be2 O-O-O+ 9. Nbd2 Bxf3 10. Bxf3 Nxe5 11.
Be2 Nf6 12. Kc2 Bd6 13. h3 Rhe8 14. Nc4 Bc7 15. Bg5 Ned7 16. Rhe1 h6 17. Bd2 Nb6 18. Rad1 Nfd5 19. Nxb6+ Bxb6 20. Bc4 Rxe1 21. Rxe1 f6 22. g3 Bc7 23. f4 Kb8 24. Re4 Nb6 25. Be2 a6 26.
Re7 Rd7 27. Re8+ Rd8 28. Rxd8+ Bxd8 29. Kd3 Kc7 30. Ke4 g6 31. h4 Kd6 32. h5 f5+ 33. Kd3 gxh5 34. Bxh5 Ke6 35. b3 Nd7 36. Be3 Be7 37.
Bf3 b5 38. a4 b4 39. Kc4 a5 40.
Bd5+ Kf6 41. Bc6 Nb6+ 42. Kb5 bxc3 43. Kxb6 c2 44. Kxa5 Bd8+ 45. Kb5 1-0

[Event "*** SCC Grand Prix: Titled Tuesday Blitz"]
[Site "Chess.com"]
[Date "2020.07.21"]
[Round "3"]
[White "viniciusrego"]
[Black "pedro_nascimento85"]
[Result "1-0"]
[WhiteElo "2280"]
[BlackElo "1933"]
[TimeControl "180+1"]
[EndTime "10:28:36 PDT"]
[Termination "viniciusrego won on time"]

1. e4 e6 2. Nf3 d5 3. exd5 exd5 4. d4 Bd6 5. Bd3 Ne7 6. O-O Nbc6 7. c3 Bg4 8. h3 Bh5 9. Bg5 f6 10. Bh4 g5 11.
Bg3 Bxg3 12. fxg3 Qd7 13. g4 Bf7 14. Re1 O-O-O 15. Nbd2 h5 16. gxh5 Bxh5 17. Qa4 g4 18. Rxe7 Qxe7 19. Bf5+ Kb8 20. hxg4 Be8 21. Qc2 Bd7 22.
Re1 Qg7 23. Nb3 Bxf5 24. Qxf5 Qh6 25. Nc5 Qh1+ 26. Kf2 Qh7 27. Qxf6 Qc2+ 28. Re2 Qb1 29. Na6+ bxa6 30. Qxc6 Qd3 31. g5 Qb5 32. Qxb5+ axb5 33. Ne5 Kb7 34. Kg3 Rhg8 35. g6 Rd6 36. Rf2 Re6 37.
Rf7 Kb6 38. Kf4 Rexg6 39. Nxg6 Rxg6 40. g4 a5 41. g5 Kc6 42. Rf6+ Rxf6+ 43. gxf6 Kd7 44.
Ke5 c6 45. Kf5 Ke8 46. Kg6 Kf8 47. f7 b4 48. Kf6 bxc3 49. bxc3 a4 50. a3 1-0

[Event "*** SCC Grand Prix: Titled Tuesday Blitz"]
[Site "Chess.com"]
[Date "2020.07.21"]
[Round "3"]
[White "kirillshevchenko"]
[Black "fmshawnrl123"]
[Result "0-1"]
[WhiteElo "2912"]
[BlackElo "2661"]
[TimeControl "180+1"]
[EndTime "10:28:37 PDT"]
[Termination "fmshawnrl123 won by resignation"]

1. e4 c6 2. d4 d5 3. exd5 cxd5 4.
Bd3 Nc6 5. c3 Qc7 6. h3 g6 7. Ne2 Nf6 8. Bf4 Qd8 9. Nd2 Bg7 10. O-O O-O 11. Nf3 Ne4 12. Re1 Bf5 13.
Ng3 Nxg3 14. Bxg3 Bxd3 15. Qxd3 e6 16. Bf4 a6 17. a4 Qb6 18. Re2 Qb3 19. h4 b5 20. h5 bxa4 21. hxg6 hxg6 22. Ng5 Nxd4 23. Rd2 Nf5 24. Qh3 Rfc8 25. Qh7+ Kf8 26. g4 Qc4 27.
Rd4 Nxd4 28. Bd6+ Ke8 29. Qxg7 Nf3+ 30. Nxf3 Qxg4+ 31. Kf1 Qxf3 32. Qf8+ Kd7 33. Qe7+ Kc6 34. Bg3 Qh1+ 35. Ke2 Qxa1 36. Qd6+ Kb7 37. Qb4+ Ka7 38. Qd4+ Kb7 39. Qb4+ Kc6 40. Qd6+ Kb7 41. Qd7+ Kb6 42. Be5 Qxb2+ 43. Kf1 Qb1+ 44. Kg2 Qe4+ 45. Kg3 Qxe5+ 46.
f4 Qe3+ 47. Kg4 Qc5 48. Qxf7 Qxc3 49. Qxe6+ Qc6 50. Qe3+ d4 51. Qxd4+ Qc5 52. Qf6+ Ka7 53. Qf7+ Rc7 54. Qxg6 Qg1+ 0-1

[Event "*** SCC Grand Prix: Titled Tuesday Blitz"]
[Site "Chess.com"]
[Date "2020.07.21"]
[Round "3"]
[White "Parkas"]
[Black "crazychessbr"]
[Result "1-0"]
[WhiteElo "2347"]
[BlackElo "2120"]
[TimeControl "180+1"]
[EndTime "10:28:38 PDT"]
[Termination "Parkas won on time"]

1. d4 Nf6 2. Nc3 g6 3. e4 d6 4.
Nf3 Bg7 5. Be2 O-O 6. O-O Nc6 7. h3 e5 8. Be3 Nd7 9. Qd2 Re8 10. Rad1 a6 11.
a3 exd4 12. Nxd4 Nde5 13. f4 Nxd4 14. Bxd4 Nc6 15. Bxg7 Kxg7 16. f5 Re5 17. f6+ Kg8 18. Nd5 Be6 19. Qh6 Qf8 20. Qxf8+ Kxf8 21. Nxc7 Rc8 22. Nxe6+ Rxe6 23. Bd3 Ne5 24. Rf2 Nd7 25. Rdf1 Nc5 26. Re2 Rce8 27. Rff2 Re5 28. Kf1 R8e6 29. Rf4 b5 30. Ke1 Ke8 31. Kd2 Kd7 32. b4 Na4 33. c4 bxc4 34. Bxc4 d5 35. Bxd5 Rd6 36. Re3 Nb6 37. Rd3 Nxd5 38. exd5 Rexd5 39. Rf3 Ke6 40. Rxd5 Rxd5+ 41. Kc3 Rf5 42. Rxf5 Kxf5 43. a4 Kxf6 44. Kc4 Ke6 45. Kc5 Kd7 46. Kb6 a5 47. b5 f5 48.
Ka7 1-0

[Event "*** SCC Grand Prix: Titled Tuesday Blitz"]
[Site "Chess.com"]
[Date "2020.07.21"]
[Round "3"]
[White "bocah_sakit"]
[Black "MF1966Idrisov"]
[Result "1-0"]
[WhiteElo "2725"]
[BlackElo "2360"]
[TimeControl "180+1"]
[EndTime "10:28:39 PDT"]
[Termination "bocah_sakit won on time"]

1. e4 c6 2. d4 d5 3. Nd2 dxe4 4. Nxe4 Nd7 5. Nf3 Ngf6 6. Ng3 e6 7. c4 Bd6 8. Bd3 O-O 9. O-O c5 10. b3 cxd4 11.
Nxd4 Be5 12. Bb2 Nc5 13. Bc2 Bxg3 14. hxg3 e5 15. Nb5 Qe7 16. Re1 e4 17. Qd6 Qxd6 18. Nxd6 Nd3 19. Bxd3 exd3 20. Bxf6 gxf6 21. Rad1 b6 22.
Rxd3 Be6 23. f4 f5 24. Red1 Rfd8 25. Nb5 Rxd3 26. Rxd3 Rc8 27. a4 a6 28. Nd6 Rd8 29.
Rd2 Rd7 30. Kf2 Kf8 31. Ke3 Rd8 32. Ne4 Rc8 33. Ng5 Ke7 34. Nxh7 f6 35. a5 bxa5 36. Ra2 Rh8 37. Rxa5 Rxh7 38. Rxa6 Rh1 39. Ra7+ Kd6 40. Ra6+ Ke7 41. Kd4 Rd1+ 42. Kc5 Rg1 43. Ra7+ Bd7 44. b4 Rxg2 45. b5 Rxg3 46. b6 Rb3 47.
b7 Rb1 48. Kd5 Kd8 49. Kd6 Rd1+ 50. Kc5 Rb1 51. Kd6 1-0

[Event "*** SCC Grand Prix: Titled Tuesday Blitz"]
[Site "Chess.com"]
[Date "2020.07.21"]
[Round "3"]
[White "Reader777"]
[Black "EvgenyT"]
[Result "1-0"]
[WhiteElo "2660"]
[BlackElo "2909"]
[TimeControl "180+1"]
[EndTime "10:28:40 PDT"]
[Termination "Reader777 won by resignation"]

1. d4 Nf6 2. c4 e6 3. g3 Bb4+ 4. Nd2 O-O 5. Bg2 d5 6. Nf3 b6 7. O-O Bb7 8. a3 Bd6 9. b4 c5 10. bxc5 bxc5 11. Rb1 Qc8 12. dxc5 Bxc5 13. Nb3 Nbd7 14. Nxc5 Nxc5 15. Bb2 Nce4 16. Bxf6 Nxf6 17. Ne5 Rb8 18. Qd4 dxc4 19. Qxc4 Bxg2 20. Kxg2 Qxc4 21. Nxc4 Rfc8 22. Nd6 Rd8 23. Rxb8 Rxb8 24. Rc1 h6 25. Rc7 Rb2 26. Kf3 Rb3+ 27. e3 Rxa3 28. Nxf7 Ra5 29.
Nd8 e5 30. Nc6 e4+ 31. Kg2 Ra2 32. Rxa7 Rc2 33. Nd4 Rd2 34. Ne6 g5 35. h3 Rd6 36.
Nd4 Rd7 37. Rxd7 Nxd7 38. Nf5 Kh7 39. Nd6 Nf6 40. Kf1 Kg6 41. Ke2 h5 42. Kd2 h4 43.
gxh4 gxh4 44. Kc3 Nd5+ 45. Kd4 Nb4 46. Kxe4 Nc2 47. Kf4 Ne1 48. Kg4 Nd3 49. f4 Nf2+ 50. Kxh4 Nd1 51. e4 Ne3 52. e5 1-0

[Event "*** SCC Grand Prix: Titled Tuesday Blitz"]
[Site "Chess.com"]
[Date "2020.07.21"]
[Round "3"]
[White "antoszu"]
[Black "WeAintSurePal"]
[Result "1-0"]
[WhiteElo "2528"]
[BlackElo "2281"]
[TimeControl "180+1"]
[EndTime "10:28:40 PDT"]
[Termination "antoszu won by resignation"]

1. e4 c6 2. Nf3 d5 3. d3 e5 4.
Nxe5 dxe4 5. d4 Nf6 6. Bc4 Nd5 7.
Nc3 Bb4 8. O-O Bxc3 9. bxc3 O-O 10. Ba3 Re8 11. Bb3 Be6 12. Qd2 Nd7 13. Nxd7 Qxd7 14.
c4 Nb6 15. Qc3 Rad8 16. Rad1 f5 17. Bc5 Bf7 18. a4 f4 19. Kh1 f3 20. gxf3 exf3 21. Rg1 Bg6 22. d5 cxd5 23. cxd5 Nxa4 24. d6+ Kh8 25. Bxa4 Qxa4 26. Bd4 Rg8 27. Qe3 Qxc2 28. Qg5 Qf5 29. Qh4 Qe4 30. Rg4 Qe2 31. Rdg1 Rxd6 32.
Rxg6 Rxd4 33. Qxd4 Qe7 34. Rxg7 Qxg7 35. Rxg7 Rxg7 36.
h3 a6 37. Qd8+ Rg8 38. Qf6+ Rg7 39. Qxf3 h6 40. Qf8+ Kh7 41. Qf5+ Kh8 42. Qc8+ Kh7 43. Qc2+ Kh8 44. f4 Rf7 45. Qc8+ Kg7 46. Qc4 a5 47. Qd4+ Kg8 48. Qe4 b6 49. Qg6+ Kf8 50. Qxh6+ Ke7 51. Qxb6 Kf8 52. Qxa5 Kg8 53. Qg5+ Kf8 54. Kg2 Rg7 55.
Kg3 Rg6 56. Qxg6 1-0

[Event "*** SCC Grand Prix: Titled Tuesday Blitz"]
[Site "Chess.com"]
[Date "2020.07.21"]
[Round "3"]
[White "Khazieva_Elza"]
[Black "Chopper1905"]
[Result "0-1"]
[WhiteElo "2352"]
[BlackElo "2889"]
[TimeControl "180+1"]
[EndTime "10:28:40 PDT"]
[Termination "Chopper1905 won by checkmate"]

1. e4 Nc6 2. d3 d5 3. Nd2 dxe4 4. dxe4 e5 5. Ngf3 Bc5 6. Bc4 Nf6 7. O-O O-O 8. c3 a5 9. Qe2 a4 10. h3 Qe7 11. Nh4 Rd8 12. Re1 g6 13. Nf1 Nh5 14. Nf3 Be6 15. Bg5 f6 16. Be3 Bxe3 17. Bxe6+ Qxe6 18.
Nxe3 Nf4 19. Qc4 Qxc4 20. Nxc4 Rd3 21. Re3 Rxe3 22. Nxe3 a3 23. Rb1 b6 24. Nd5 Nxd5 25. exd5 Ne7 26. c4 Nf5 27. b3 Kf7 28. g4 Nd6 29.
Nd2 f5 30. Rc1 Ra5 31. Kg2 Kf6 32. Kf3 e4+ 33. Ke3 Kg5 34. f4+ Kh4 35. gxf5 gxf5 36. Rg1 b5 37. c5 Ne8 38. Rg5 b4 39. c6 Rxd5 40. Nc4 Nf6 41. Rg7 Rd3+ 42. Ke2 Nd5 43. Rxh7+ Kg3 44. Rd7 Nxf4+ 45. Ke1 Rc3 46. Ne5 e3 47. Rg7+ Kh2 48. Nf3+ Kxh3 49. Rh7+ Kg3 50. Nd4 Rc1# 0-1

[Event "*** SCC Grand Prix: Titled Tuesday Blitz"]
[Site "Chess.com"]
[Date "2020.07.21"]
[Round "3"]
[White "MarceloPlaya"]
[Black "DonBroca"]
[Result "0-1"]
[WhiteElo "2310"]
[BlackElo "2089"]
[TimeControl "180+1"]
[EndTime "10:28:40 PDT"]
[Termination "DonBroca won on time"]

1. e4 c5 2. Nf3 d6 3. d4 cxd4 4. Nxd4 Nf6 5. Nc3 g6 6. Be3 Bg7 7. Bc4 O-O 8. Bb3 Nc6 9. f3 Bd7 10. Qd2 Rc8 11. O-O-O Ne5 12. h4 h5 13. g4 Rxc3 14.
Qxc3 hxg4 15. Kb1 Nxf3 16. Nxf3 gxf3 17. Bd4 Bg4 18. Qe3 Qa5 19. Rdg1 Bh5 20. Rg5 e5 21. Bc3 Qb6 22. Qxb6 axb6 23. Bd5 Nxd5 24. exd5 Bh6 25. Rg3 e4 26. Rf1 Bf4 27. Rgg1 e3 28. Be1 f2 29. Rg2 fxe1=Q+ 30. Rxe1 e2 31. Rexe2 Bxe2 32. Rxe2 Kg7 33. Re7 Rh8 34. Rxb7 Rxh4 35. a4 Be3 36. b3 g5 37. c4 g4 38. Re7 Rh3 39. Re4 f5 40. Re7+ Kf6 41. Re8 g3 42. Rg8 Rh1+ 43. Kc2 f4 44. Kd3 Rd1+ 45. Ke2 Rd2+ 46. Kf3 g2 47.
Rxg2 Rxg2 48. Kxg2 Ke5 49. b4 Kd4 50. c5 bxc5 51.
b5 c4 52. b6 Kd3 0-1